AoeStats
← dima_togy

Hideout

508462977Analyzed
1v1 RM · 9d ago on Sep 22, 2026· 48m 3s· 2 players
Game mode
Random Map
Map size
Tiny (2 player)
Population
200
Speed
Normal
Resources
Standard
Victory
Conquest
Starting age
Dark Age
Ending age
Imperial Age
RankedLock teamsTeams togetherTeam positionsShared explorationLock speedFull tech treeHidden civsTurbo modeCheats
Victory
Defeat
🇨🇴 Random · Colombia
1491
+14
🇦🇲 Bulgarians · Armenia
1449
-14
dima_togy
9:15 Feudal Age
10:01 Double-Bit Axe
10:29 Loom
14:56 Horse Collar
16:50 Wheelbarrow
23:50 Castle Age
22:53 Scale Barding Armor
23:00 Stone Mining
27:14 Bow Saw
28:53 Wheelbarrow
30:19 Fletching
31:11 Hand Cart
31:24 Bodkin Arrow
35:39 Husbandry
37:58 Forging
37:44 Gold Mining
39:34 Chain Barding Armor
39:49 Iron Casting
41:02 Bloodlines
41:08 Scale Mail Armor
41:30 Heavy Plow
42:09 Chain Mail Armor
46:11 Murder Holes
46:27 Masonry
Carboncito
8:53 Feudal Age
12:40 Loom
16:44 Double-Bit Axe
22:16 Castle Age
20:27 Fletching
20:58 Horse Collar
22:32 Crossbowman
26:36 Scale Mail Armor
28:44 Chain Mail Armor
28:32 Town Watch
30:58 Forging
35:09 Bodkin Arrow
37:13 Bow Saw
38:29 Squires
39:05 Heavy Plow
39:06 Arson
43:38 Imperial Age
41:06 Gold Mining
42:14 Gold Mining
43:03 Wheelbarrow
44:28 Hand Cart
43:50 Elite Varangian Guard
45:20 Iron Casting
46:03 Plate Mail Armor
45:54 Conscription
45:06 Shield Wall
48:24 Two-Man Saw
47:56 Crop Rotation
47:43 Town Patrol
Connection lost

Rejoining the realm…

Still unreachable

The connection could not be restored.

Session expired

The server has moved on; the page needs a fresh start.